Unix NetHack Version 3.7.0-88 Work-in-progress - last build Aug 21 2023 14:09:19 (b68ccb3e4f8f5dcb83e1e40b1ff56e7dffd4cd28,branch:master). Game began 2023-09-06 08:12:49, ended 2024-04-06 23:02:45. Grasshopper, neutral male human Wizard --------- |.......| ----- |.......| ------ .[.| |..._...| |.... ---------..-- ------- |.......| ------- --..--------- |..w....|.).-- --....... | ..%.. | .......-- --)..|.......| |...www.|)...---........ |. ----%---- .| ..$......---)$.!|.......| |EwE@w..-.....+......... |.......[.....| .$.......)-.[/%.-..._...| |D.@w@w@|.))[---........ ---...%)....--- .........---/...|.......| |.Aw.w..|...-- --....... -----|----- -.......-- --.).|.......| ---------..-- ----|--- --...%...-- ----.---- --..--------- ...| --.".------ -....$[[..--------...| |... ----- ..)%....... ...$$..$...|.....)...| ----- ...........--...%.....--...------- ............--.......--....| .............----.----...--- ...................[....| ------------------------ Grasshopper the Mage St:18/** Dx:22 Co:18 In:23 Wi:23 Ch:18 Neutral Astral Plane $:634 HP:520(520) Pw:448(475) AC:-48 Xp:30/100002003 T:64988 Latest messages: The fiery blade burns the black naga! You kill the black naga! You see here a black naga corpse. A mysterious force prevents you from teleporting! What do you want to use or apply? [cfikn-qs-vxyALPRUYZ or ?*] q You produce a strange whistling sound. Three creatures shift locations and many others appear. What do you want to use or apply? [cfikn-qs-vxyALPRUYZ or ?*] q You produce a strange whistling sound. Many creatures shift locations. The purple worm drops a long sword. The purple worm misses Warwick the invisible Traveler. The purple worm misses Warwick the invisible Traveler. The purple worm misses Warwick the invisible Traveler. The purple worm misses Warwick the invisible Traveler. The invisible guardian Angel of Thoth swings her long sword at Warwick the invisible Traveler. The invisible guardian Angel of Thoth misses Warwick the invisible Traveler. The invisible guardian Angel of Thoth swings her long sword at Warwick the invisible Traveler. The invisible guardian Angel of Thoth misses Warwick the invisible Traveler. The invisible guardian Angel of Thoth misses Warwick the invisible Traveler. What do you want to use or apply? [cfikn-qs-vxyALPRUYZ or ?*] q You produce a strange whistling sound. Many creatures shift locations. The purple worm picks up a long sword. The purple worm drops 29 gold pieces. The purple worm misses Warwick the invisible Traveler. The purple worm misses Warwick the invisible Traveler. The invisible guardian Angel of Thoth swings her long sword at the gray dragon. The invisible guardian Angel of Thoth hits the gray dragon. The invisible guardian Angel of Thoth swings her long sword at the gray dragon. The invisible guardian Angel of Thoth hits the gray dragon. The invisible guardian Angel of Thoth hits the gray dragon. The gray dragon bites the invisible guardian Angel of Thoth. The gray dragon hits the invisible guardian Angel of Thoth. The gray dragon misses the invisible guardian Angel of Thoth. What do you want to use or apply? [cfikn-qs-vxyALPRUYZ or ?*] s In what direction? 3 Status of Nellie (chaotic, medium): Level 13 HP 104(104) AC -22, tame, fast, invisible. What do you want to sacrifice? [K or ?*] ? You offer the Amulet of Yendor to Thoth... An invisible choir sings, and you are bathed in radiance... The voice of Thoth thunders: "Mortal, thou hast done well!" "In return for thy service, I grant thee the gift of Immortality!" You ascend to the status of Demigod... Do you want your possessions identified? [ynq] (y) y Do you want to see your attributes? [ynq] (y) y Do you want an account of creatures vanquished? [ynaq] (y) y Do you want a list of species genocided? [ynaq] (y) y Do you want to see your conduct and achievements? [ynq] (y) y Do you want to see the dungeon overview? [ynq] (y) y Inventory: Coins ('$') $ - 634 gold pieces Amulets ('"') I - the blessed Eye of the Aethiopica Q - a blessed amulet of life saving (being worn) Weapons (')') a - the blessed rustproof +2 Magicbane (alternate weapon; not wielded) j - 19 blessed poisoned rustproof +7 darts named +7 (at the ready) r - 6 blessed +7 silver daggers named +7 C - the blessed rustproof +7 Fire Brand (weapon in hand) X - a blessed rustproof +7 dart named +7 Armor ('[') b - a blessed fireproof +4 cloak of protection (being worn) B - a blessed fireproof +4 pair of water walking boots (being worn) D - an uncursed fireproof +4 small shield (being worn) G - a blessed fireproof +4 pair of gauntlets of dexterity (being worn) H - a blessed tempered +5 helm of brilliance (being worn) S - a blessed +4 silver dragon scale mail (being worn) T - a blessed +4 T-shirt with text "100% goblin hair - do not wash" (being worn) Comestibles ('%') z - an uncursed tripe ration F - a blessed lizard corpse named Lizard of Oz Scrolls ('?') m - 2 blessed scrolls of taming Wands ('/') f - an uncursed wand of digging (0:4) k - an uncursed wand of cold (0:7) n - an uncursed wand of lightning (0:6) o - an uncursed wand of speed monster (0:3) p - an uncursed wand of polymorph (0:3) v - an uncursed wand of probing named 2 (2:4) x - an uncursed wand of cold (0:7) y - an uncursed wand of sleep (0:4) A - an uncursed wand of death (0:2) R - an uncursed wand of slow monster (0:0) Y - an uncursed wand of digging (0:6) Z - an uncursed wand of teleportation (0:3) Rings ('=') e - an uncursed +4 ring of increase damage (on left hand) g - an uncursed +3 ring of increase damage (on right hand) Tools ('(') c - a blessed skeleton key i - a blessed greased bag of holding containing 115 items q - a blessed magic whistle s - a blessed stethoscope t - an uncursed wet towel u - a blessed +0 unicorn horn L - a blessed magic lamp (lit) P - the blessed Platinum Yendorian Express Card U - a blessed oilskin sack named <<< CANCELLATION >>> containing 2 items Gems/Stones ('*') N - a blessed luckstone Contents of the bag of holding: 346 gold pieces an uncursed amulet of flying an uncursed amulet of guarding an uncursed amulet of magical breathing an uncursed amulet of reflection an uncursed amulet of unchanging 38 blessed poisoned rustproof +7 darts named +7 the uncursed rustproof +5 Frost Brand the blessed rustproof +7 Vorpal Blade a blessed greased fireproof +5 robe an uncursed carrot 2 uncursed carrots an uncursed eucalyptus leaf an uncursed food ration 3 uncursed fortune cookies 3 uncursed K-rations an uncursed lembas wafer an uncursed tripe ration 2 uncursed tripe rations a blessed tin of spinach 2 blessed cockatrice eggs 2 blessed eggs named chook 3 uncursed eggs named chook an uncursed cockatrice egg 2 blessed scrolls of blank paper a cursed scroll of blank paper a blessed scroll of charging an uncursed scroll of create monster a blessed scroll of genocide an uncursed scroll of genocide 4 blessed scrolls of gold detection a blessed scroll of light 3 blessed scrolls of taming an uncursed scroll of teleportation 2 cursed scrolls of teleportation named nc an uncursed wand of cold (0:6) an uncursed wand of cold (0:5) an uncursed wand of cold (0:5) an uncursed wand of create monster (0:13) an uncursed wand of create monster (0:11) an uncursed wand of create monster (0:11) an uncursed wand of death (0:7) an uncursed wand of death (0:7) an uncursed wand of death (0:7) an uncursed wand of death (0:4) an uncursed wand of digging (0:8) an uncursed wand of digging (0:8) an uncursed wand of digging (0:5) an uncursed wand of digging (0:3) an uncursed wand of enlightenment (1:1) an uncursed wand of fire named 1 (0:6) an uncursed wand of fire (0:3) an uncursed wand of lightning named 1 (0:7) an uncursed wand of lightning (0:6) an uncursed wand of lightning (0:6) an uncursed wand of lightning (0:4) an uncursed wand of locking (0:3) an uncursed wand of opening (0:4) an uncursed wand of secret door detection named 2 (0:4) an uncursed wand of sleep (0:6) an uncursed wand of sleep (0:6) an uncursed wand of sleep (0:5) an uncursed wand of sleep (0:1) an uncursed wand of slow monster (1:6) an uncursed wand of speed monster (1:15) an uncursed wand of speed monster (0:8) an uncursed wand of speed monster (0:7) an uncursed wand of striking (0:6) an uncursed wand of striking (0:6) a blessed wand of teleportation (0:3) an uncursed wand of teleportation (0:8) an uncursed wand of teleportation (0:7) an uncursed wand of teleportation (2:3) an uncursed wand of teleportation (2:2) an uncursed wand of teleportation (0:1) an uncursed wand of undead turning (1:13) an uncursed wand of undead turning (1:1) an uncursed wand of wishing (1:1) an uncursed +1 ring of adornment an uncursed ring of conflict an uncursed ring of free action an uncursed +1 ring of gain constitution an uncursed ring of hunger an uncursed ring of invisibility named grave an uncursed ring of levitation an uncursed ring of polymorph a blessed +1 ring of protection an uncursed ring of regeneration an uncursed ring of searching an uncursed ring of shock resistance an uncursed ring of slow digestion an uncursed ring of teleport control an uncursed potion of fruit juice 4 blessed potions of full healing 6 uncursed potions of healing 2 cursed potions of healing an uncursed potion of polymorph an uncursed potion of speed 5 potions of holy water named 6 2 potions of unholy water an empty uncursed sack an uncursed sack named LOOOT DO NOT REMOVE containing 1 item an uncursed fire horn (0:4) an uncursed magic marker (1:18) an uncursed magic whistle an uncursed pair of lenses 7 uncursed tallow candles 7 uncursed wax candles an uncursed amethyst stone an uncursed aquamarine stone an uncursed aquamarine stone 4 uncursed citrine stones an uncursed diamond an uncursed obsidian stone 4 uncursed worthless pieces of green glass Contents of the sack named LOOOT DO NOT REMOVE: an uncursed sack named 6 containing 1 item Contents of the sack named 6: an uncursed sack named 5 containing 1 item Contents of the sack named 5: an uncursed sack named 4 containing 1 item Contents of the sack named 4: an uncursed sack named 3 containing 1 item Contents of the sack named 3: an uncursed sack named 2 containing 1 item Contents of the sack named 2: an uncursed sack named 1 containing 1 item Contents of the sack named 1: a blessed bag of holding containing 22 items Contents of the bag of holding: 16 uncursed agate stones 16 uncursed amber stones 20 uncursed amethyst stones 21 uncursed aquamarine stones 9 uncursed black opals 24 uncursed chrysoberyl stones 21 uncursed citrine stones 12 uncursed diamonds 9 uncursed dilithium crystals 15 uncursed emeralds 17 uncursed fluorite stones 28 uncursed garnet stones 5 uncursed jacinth stones 20 uncursed jade stones 31 uncursed jasper stones 27 uncursed jet stones 15 uncursed obsidian stones 14 uncursed opals 9 uncursed rubies 6 uncursed sapphires 25 uncursed topaz stones 23 uncursed turquoise stones Contents of the oilskin sack named <<< CANCELLATION >>>: an uncursed scroll of scare monster a cursed wand of cancellation (1:4) Grasshopper the Wizard's attributes: Background: You were a Mage, a level 30 male human Wizard. You were neutral, on a mission for Thoth who was opposed by Ptah (lawful) and Anhur (chaotic). You were in the endgame, on the Astral Plane. You entered the dungeon 64988 turns ago. It was nighttime. You had 100002003 experience points. Basics: You had all 520 hit points. You had 448 out of 475 energy points (spell power). Your armor class was -48. Your wallet contained 634 zorkmids, and you had 346 more stashed away in your pack. Autopickup was on for '$"?+/=!*' plus thrown, with exceptions. Final Characteristics: Your strength was 18/100 (limit:18/100). Your dexterity was 22 (base:18, innate limit:18). Your constitution was 18 (limit:18). Your intelligence was 23 (base:18, innate limit:18). Your wisdom was 23 (base:18, innate limit:18). Your charisma was 18 (limit:18). Final Status: You were not hungry. You were unencumbered. You were wielding a long sword. You had basic skill with long sword. Final Attributes: You were the Envoy of Balance. You were piously aligned. You were magic-protected. You were fire resistant. Your items were protected from fire. You were cold resistant. You were sleep resistant. You were disintegration resistant. You were shock resistant. You were poison resistant. You saw invisible. You were telepathic. You were warned. You were invisible to others. You were stealthy. You could teleport. You had teleport control. You could walk on water. You had a large damage bonus (+7). You had a large defense bonus (+13). You were protected. You took half spell damage. You were protected from shape changers. You had polymorph control. You were very fast. You had reflection. Your life would have been saved. You were extremely lucky. You had extra luck. Good luck did not time out for you. You survived. Miscellaneous: You encountered 1 bones level. Total elapsed playing time was 2 days, 13 hours, 42 minutes and 15 seconds. Major events: Turn 1: Grasshopper the neutral male human Wizard entered the dungeon 897: attained the rank of Conjurer (level 3) 1834: entered the Gnomish Mines 2635: reached Mine Town 2652: attained the rank of Thaumaturge (level 6) 2826: destroyed Zinspire's ghost, the former Adept 2828: found Demonbane on the floor 6144: entered Sokoban 6360: completed 1st Sokoban level 6898: completed 2nd Sokoban level 7275: completed 3rd Sokoban level 10744: attained the rank of Magician (level 10) 12846: acquired the Mines' End luckstone 15726: was bestowed with Magicbane by Thoth 17060: completed 4th Sokoban level 17250: acquired the Sokoban bag of holding 17972: Siboga, the delicatessen proprietrix, has been killed 22107: attained the rank of Enchanter (level 14) 31680: killed Medusa 33717: was bestowed with Ogresmasher by Thoth 34479: made his first wish - "blessed fixed platinum yendorian express card", got "a credit card named the Platinum Yendorian Express Card" 35206: entered Gehennom 37088: wished for "blessed greased tempered +5 helm of brilliance", got "a greased crystal helmet" 38661: killed the Dark One 38661: found the Eye of the Aethiopica carried by a monster 38663: acquired the Bell of Opening 39549: attained the rank of Sorcerer (level 18) 39788: became Thoth's Envoy of Balance 39788: was bestowed with spellbook of finger of death 41105: attained the rank of Necromancer (level 22) 48832: performed his first genocide (class m) 49704: killed the invisible Juiblex 49986: genocided class L 52688: killed Croesus 55911: was bestowed with Vorpal Blade by Thoth 57353: killed Baalzebub 57373: killed Asmodeus 57964: was bestowed with Fire Brand by Thoth 60392: destroyed Vlad the Impaler 60516: acquired the Candelabrum of Invocation 60683: killed Orcus 61346: wished for "uncursed magic marker", got "a magic marker" 61820: killed the Wizard of Yendor 61827: acquired the Book of the Dead 61839: performed the invocation 61973: killed the Wizard of Yendor (2nd time) 62088: killed the high priest of Moloch 62098: acquired The Amulet of Yendor 62651: attained the rank of Wizard (level 26) 62923: killed the Wizard of Yendor (3rd time) 63811: killed the Wizard of Yendor (5th time) 64426: entered the Elemental Planes 64426: entered Plane of Earth 64482: entered Plane of Air 64624: entered Plane of Fire 64738: entered Plane of Water 64740: genocided class l 64741: genocided class ; 64849: entered the Astral Plane 64856: found Frost Brand carried by a monster 64887: killed Famine 64909: killed Famine (2nd time) 64927: killed Pestilence 64948: killed Pestilence (2nd time) 64961: killed the invisible Death 64962: attained the rank of Mage (level 30) 64972: killed the invisible Death (2nd time) 64982: found Trollsbane carried by a monster 64988: ascended Vanquished creatures: Asmodeus Baalzebub Orcus Juiblex the Wizard of Yendor (7 times) Death (twice) Pestilence (twice) Famine (twice) Vlad the Impaler a high cleric 2 mastodons Medusa Croesus 16 krakens 4 iron golems a master lich a ki-rin 12 storm giants 4 glass golems 3 balrogs 8 purple worms 3 gold dragons 3 silver dragons 5 red dragons 6 white dragons 3 orange dragons 3 black dragons 3 blue dragons a green dragon 3 yellow dragons 26 minotaurs a jabberwock the Dark One 8 baluchitheria 22 Angels 3 demiliches 4 stone golems 3 master mind flayers 6 Olog-hai a Nazgul 3 pit fiends 5 sandestins 5 hell hounds 6 displacer beasts 17 titanotheres 9 trappers a baby white dragon a guardian naga 5 genetic engineers 5 disenchanters 33 vampire leaders 4 skeletons a shopkeeper a prisoner 39 aligned clerics 9 captains 6 shades 7 liches 5 clay golems 15 nurses 10 ice devils 6 nalfeshnees 15 lurkers above 6 Aleaxes 3 frost giants 6 ettins 2 golden nagas 14 black puddings 31 vampires 11 lieutenants a watch captain 35 ghosts 3 rogues a valkyrie a wizard 2 queen bees 7 winged gargoyles 3 mind flayers 8 giant mimics 10 long worms 12 zruties 18 fire giants 10 ogre tyrants 3 ice trolls 8 rock trolls 11 umber hulks 16 flesh golems 9 elven monarchs 5 doppelgangers 13 hezrous 12 bone devils 2 large mimics 4 wumpuses 5 fire vortices 7 couatls 19 stalkers 10 air elementals 9 fire elementals 7 earth elementals 13 water elementals 11 hill giants 5 giant mummies 3 black nagas 19 xorns 24 giant zombies 20 elf-nobles 19 sergeants 5 barbed devils 11 vrocks 9 salamanders 16 wargs 3 winter wolves 4 hell hound pups 7 small mimics a glass piercer 11 warhorses 14 steam vortices 12 xans 8 ettin mummies 16 ogre leaders 11 quantum mechanics 36 trolls 5 sasquatches 5 wood golems 2 erinyes 4 mariliths 2 djinn 8 sharks 8 electric eels 8 gelatinous cubes 5 pyrolisks 6 large dogs 6 freezing spheres 20 flaming spheres 10 shocking spheres 8 large cats 9 tigers 5 gargoyles 6 dwarf rulers 19 tengu 18 ochre jellies 8 leocrottas 8 energy vortices 5 mountain centaurs 5 stone giants 9 elf mummies 4 human mummies 9 red nagas 4 green slimes 5 pythons 4 pit vipers 8 cobras 56 wraiths 3 carnivorous apes 24 ettin zombies 7 leather golems 19 Grey-elves 112 soldiers 4 watchmen 8 amorous demons 10 horned devils 9 chameleons 3 crocodiles 15 giant beetles 6 quivering blobs 22 cockatrices 25 wolves 10 winter wolf cubs 4 lynxes 6 panthers 8 gremlins 5 spotted jellies 13 leprechauns 8 orc-captains 7 iron piercers 5 mumakil 15 giant spiders 17 scorpions 8 horses 4 ice vortices a baby long worm 7 black lights 63 vampire bats 3 forest centaurs 8 gnome rulers 5 orc mummies 5 dwarf mummies 14 ogres 6 brown puddings 16 rust monsters 19 owlbears 8 yetis 3 gold golems 8 werewolves 27 Green-elves 6 piranha 27 giant eels 18 lizards 7 chickatrices 4 dingoes 2 dogs 3 housecats 6 jaguars 5 dwarf leaders 11 blue jellies 10 white unicorns 2 gray unicorns 5 black unicorns 15 dust vortices 47 ravens 7 plains centaurs 5 gnome mummies 10 snakes 14 apes 26 human zombies 10 rope golems 12 Woodland-elves 22 soldier ants 17 fire ants 20 bugbears 9 imps 4 lemures 18 quasits 12 wood nymphs 7 water nymphs 9 mountain nymphs 19 Mordor orcs 19 Uruk-hai 2 orc shamans 14 rock piercers 7 rock moles 3 ponies 13 fog clouds 21 yellow lights 2 shriekers 16 violet fungi 29 gnome leaders 16 gnomish wizards 4 kobold mummies a red naga hatchling 14 gray oozes 8 barrow wights 31 elf zombies 13 ghouls 7 straw golems 6 paper golems 8 jellyfish 22 giant ants 3 little dogs 12 floating eyes 4 kittens 23 dwarves 8 homunculi 3 kobold leaders 4 kobold shamans 72 hill orcs 29 rothes 4 rabid rats 7 centipedes 29 giant bats 3 monkeys 22 orc zombies 25 dwarf zombies 8 wererats 8 werejackals 16 iguanas 75 killer bees 11 acid blobs 6 coyotes 6 gas spores 8 hobbits 13 manes 9 large kobolds 33 hobgoblins 10 giant rats 20 cave spiders 4 brown molds 9 yellow molds 8 green molds 3 red molds 67 gnomes 9 garter snakes 21 gnome zombies 21 geckos 31 jackals 4 foxes 6 kobolds 8 goblins 2 sewer rats 30 grid bugs 7 bats 19 lichens 15 kobold zombies 20 newts 3236 creatures vanquished. Genocided species: arch-liches krakens master liches demiliches liches giant mimics large mimics small mimics sharks electric eels leprechauns piranha giant eels jellyfish 14 species genocided. Voluntary challenges: You read items or engraved 227 times. You never engraved Elbereth. You genocided 14 types of monsters. You used 3 wishes (all for artifacts). You did not violate any of the special Sokoban rules. Achievements: You entered a shop. You attained the rank of Conjurer. You entered the Gnomish Mines. You entered Minetown. You entered a temple. You attained the rank of Thaumaturge. You entered Sokoban. You attained the rank of Magician. You completed the Gnomish Mines. You completed Sokoban. You attained the rank of Enchanter. You defeated Medusa. You entered Gehennom. You handled the Bell of Opening. You attained the rank of Sorcerer. You attained the rank of Necromancer. You handled the Candelabrum of Invocation. You handled the Book of the Dead. You gained access to Moloch's Sanctum. You attained the rank of Wizard. You reached the Elemental Planes. You reached the Astral Plane. You attained the rank of Mage. You delivered the Amulet of Yendor. You ascended! The Elemental Planes: Astral Plane: <- You are here. Many temples. Plane of Water: Plane of Fire: Plane of Air: Plane of Earth: The Dungeons of Doom: levels 1 to 27 Level 1: An altar, some fountains. One way stairs up to The Elemental Planes. Level 2: An altar to Thoth, a fountain. Level 3: A general store. Level 4: An untended shop, a fountain. Stairs down to The Gnomish Mines. Level 5: "-s" Level 6: "LAIR" A general store, many altars to Thoth. Level 7: Level 8: Many fountains. Oracle of Delphi. Level 9: Stairs up to Sokoban, level 8. Level 10: "c" A fountain. Level 11: A fountain. Portal to Fort Ludios. Level 12: A general store. Level 13: A fountain, many graves. Level 14: A fountain. Portal to The Quest. Level 15: Level 16: Some fountains. Level 17: A general store. Level 18: A primitive area. Level 19: "lp" A general store. Level 20: "lp" Some fountains. Level 21: Some fountains. Level 22: Level 23: "Medusa" A fountain, many trees. Level 24: "lp" Level 25: "lpstash near >" Level 26: "lp" Level 27: A fountain. The castle. Connection to Gehennom. Gehennom: levels 28 to 50 Level 28: A temple, many graves. Valley of the Dead. Level 29: Level 30: "Asmo" Level 31: "lp" Level 32: "Jubilex" Level 33: "Baalz" Level 34: Level 35: Level 36: Level 37: Level 38: Level 39: Level 40: "c" Stairs up to Vlad's Tower, level 39. Level 41: "Orcus" Some shops, an altar, some graves. Level 42: Level 43: "Rodney" Level 44: Level 45: "wiz bottom" Level 46: "c wiz portal" Level 47: Level 48: "c poly" Level 49: Level 50: A temple, many graves. Moloch's Sanctum. The Gnomish Mines: levels 5 to 13 Level 5: Level 6: "arrow" Level 7: "MT" Some shops, a temple to Thoth, a fountain, a grave. Final resting place for Zinspire-Pri-Elf-Fem-Cha, killed by an owlbear, while fainted from lack of food. Level 8: "poly" Level 9: Level 10: Level 11: Level 12: Level 13: Some fountains. The Quest: levels 1 to 5 Level 1: Completed quest for Neferet the Green. Level 2: "poly" Level 3: Level 4: Level 5: A temple to Thoth. Sokoban: levels 8 up to 5 Level 5: Solved. Level 6: Solved. Level 7: Solved. Level 8: Solved. Fort Ludios: Level 1: Vlad's Tower: levels 39 up to 37 Level 37: Level 38: Level 39: Goodbye Grasshopper the Demigod... You and the fire elemental and the invisible Nellie and the purple worm and the purple worm and the purple worm and the purple worm went to your reward with 3790056 points, Magicbane (worth 3500 zorkmids and 8750 points) Frost Brand (worth 3000 zorkmids and 7500 points) Vorpal Blade (worth 4000 zorkmids and 10000 points) Fire Brand (worth 3000 zorkmids and 7500 points) The Eye of the Aethiopica (worth 4000 zorkmids and 10000 points) The Platinum Yendorian Express Card (worth 7000 zorkmids and 17500 points) 31 jasper stones (worth 15500 zorkmids), 28 garnet stones (worth 19600 zorkmids), 27 jet stones (worth 22950 zorkmids), 25 citrine stones (worth 37500 zorkmids), 25 topaz stones (worth 22500 zorkmids), 24 chrysoberyl stones (worth 16800 zorkmids), 23 turquoise stones (worth 46000 zorkmids), 23 aquamarine stones (worth 34500 zorkmids), 21 amethyst stones (worth 12600 zorkmids), 20 jade stones (worth 6000 zorkmids), 17 fluorite stones (worth 6800 zorkmids), 16 amber stones (worth 16000 zorkmids), 16 obsidian stones (worth 3200 zorkmids), 16 agate stones (worth 3200 zorkmids), 15 emeralds (worth 37500 zorkmids), 14 opals (worth 11200 zorkmids), 13 diamonds (worth 52000 zorkmids), 9 dilithium crystals (worth 40500 zorkmids), 9 rubies (worth 31500 zorkmids), 9 black opals (worth 22500 zorkmids), 6 sapphires (worth 18000 zorkmids), 5 jacinth stones (worth 16250 zorkmids), 4 worthless pieces of colored glass, 1 amulet of life saving (worth 150 zorkmids), 1 amulet of unchanging (worth 150 zorkmids), 1 amulet of reflection (worth 150 zorkmids), 1 amulet of magical breathing (worth 150 zorkmids), 1 amulet of guarding (worth 150 zorkmids), 1 amulet of flying (worth 150 zorkmids), and 980 pieces of gold, after 64988 moves. You were level 30 with a maximum of 520 hit points when you ascended.